 Dungeon Crawl Stone Soup version 0.31-a0-744-gbc345e7fcb (webtiles) character file.

Game seed: 13680591972155025086

85 quakins the Cudgeller (level 4, -1/38 HPs)
             Began as an Armataur Warper on Sept 14, 2023.
             Slain by an orc
             ... wielding a +0 war axe
              (4 damage)
             ... on level 3 of the Dungeon.
             The game lasted 00:02:09 (1938 turns).

quakins the Cudgeller (Armataur Warper)             Turns: 1938, Time: 00:02:10

Health: -1/38      AC:  4    Str: 18    XL:     4   Next: 25%
Magic:  6/6        EV:  9    Int: 13    God:
Gold:   100        SH:  0    Dex: 10    Spells: 6/6 levels left

rFire   . . .        p - +1 whip (elec)
rCold   . . .        (no shield)
rNeg    . . .        b - +0 leather armour
rPois   .            (no helmet)
rElec   .            (no cloak)
rCorr   .            (no gloves)
SInv    .            (no barding)
Will    .....        (no amulet)
Stlth   +            (no ring)
HPRegen 0.26/turn    (no ring)
MPRegen 0.10/turn

%: roll
@: no status effects
A: large, rugged brown scales 3, deformed body, armoured tail, roll, long
tongue, awkward tongue
a: no special abilities


You were on level 3 of the Dungeon.
You visited 1 branch of the dungeon, and saw 3 of its levels.

You collected 100 gold pieces.

Inventory:

Hand Weapons
 p - a +1 whip of electrocution (weapon)
Missiles
 d - 7 darts of dispersal (quivered)
Armour
 b - a +0 leather armour (worn)
Jewellery
 o - a ring of wizardry
Scrolls
 c - 2 scrolls of blinking
 f - 5 scrolls of identify {unknown}
 g - a scroll of poison {unknown}
 i - a scroll of fog {unknown}
 j - a scroll of vulnerability {unknown}
 m - a scroll of enchant weapon {unknown}
Potions
 a - a potion of lignification {unknown}
 e - 3 potions of ambrosia {unknown}
 h - a potion of curing {unknown}
 k - a potion of attraction {unknown}
 l - a potion of heal wounds {unknown}
 n - a potion of resistance {unknown}


   Skills:
 - Level 1.9 Fighting
 + Level 3.8 Maces & Flails
 - Level 1.0 Throwing
 - Level 1.4 Armour
 - Level 1.4 Dodging
 - Level 1.8 Spellcasting
 - Level 3.1 Translocations


You had 6 spell levels left.
You didn't know any spells.
Your spell library contained the following spells:

 Spells                   Type           Power      Damage    Failure   Level
 Blink                    Tloc           18%        N/A       13%         2
 Lesser Beckoning         Tloc           18%        N/A       13%         2
 Teleport Other           Tloc           9%         N/A       26%         3
 Manifold Assault         Tloc           9%         N/A       65%         4
 Vhi's Electric Charge    Tloc/Air       10%        N/A       85%         4


Dungeon Overview and Level Annotations

Branches:
Dungeon (3/15)

Altars:


Innate Abilities, Weirdness & Mutations

You are completely covered in rugged brown scales. (AC +3, +7% HP)
Armour fits poorly on your strangely shaped body.
You have a long armoured tail.
You roll when moving toward enemies. (Rampage)
Your long tongue fully drains potion bottles. (2x potion effects)
Your tongue gives you trouble enunciating. (1.5x scroll delay)


Message History

The orc is severely wounded.
The orc hits you but does no damage. x2
You hit the orc. Lightning courses through the orc!
You kill the orc!
The orc hits you with a +0 flail.
You closely miss the orc. The orc barely misses you.
You barely miss the orc.
Your tail-slap misses the orc.
The orc hits you with a +0 flail. The orc closely misses you.
You closely miss the orc. The orc hits you with a +0 flail.
The orc hits you but does no damage.
You hit the orc.
The orc is almost dead.
The orc hits you but does no damage. The orc closely misses you.
You barely miss the orc.
The orc is almost dead.
The orc closely misses you. The orc hits you with a +0 flail.
You barely miss the orc.
The orc is almost dead.
The orc hits you with a +0 war axe. The orc hits you with a +0 flail.
You hit the orc. Lightning courses through the orc!
You kill the orc!
The orc barely misses you.
You hit the orc but do no damage. The orc hits you with a +0 war axe!
You closely miss the orc.
Your tail-slap misses the orc.
You hit the orc but do no damage. The orc barely misses you.
You hit the orc but do no damage. The orc misses you.
You hit the orc.
The orc is lightly wounded.
The orc hits you with a +0 war axe.
You hit the orc.
The orc is heavily wounded.
The orc closely misses you.
You barely miss the orc.
Your tail-slap misses the orc.
The orc is heavily wounded.
The orc hits you with a +0 war axe!
* * * LOW HITPOINT WARNING * * *
You hit the orc but do no damage.
The orc is heavily wounded.
The orc hits you with a +0 war axe.
You die...

##### . #...# .. #...#
... #...# .... #...#
..... #...# ########+
?.....##)..## #........
.......@o...####........
......##).....##........
####. ######.##........
+ .o................
.#######..........
.............
...............
..........#####+
.......#...


You could see an orc.

Vanquished Creatures
  2 adders (D:2)
  2 dart slugs
  3 orcs (D:3)
  5 bats
  5 endoplasms
  2 giant cockroaches
  4 goblins
  6 hobgoblins
  7 jackals
  2 ball pythons
  3 frilled lizards
  7 kobolds
  4 rats
52 creatures vanquished.

Notes
Turn   | Place    | Note
-------+----------+-------------------------------------------
     0 | D:1      | quakins the Armataur Warper began the quest for the Orb.
     0 | D:1      | Reached XP level 1. HP: 18/18 MP: 3/3
   102 | D:1      | Reached skill level 1 in Throwing
   247 | D:1      | Reached XP level 2. HP: 24/25 MP: 4/4
   638 | D:1      | Reached XP level 3. HP: 31/31 MP: 5/5
  1640 | D:2      | Reached XP level 4. HP: 23/38 MP: 6/6
  1938 | D:3      | Slain by an orc

Illustrated notes

Levels and vault maps discovered:
D:1:      shiori_arrival_oz, layout_basic, minmay_tromino_v4_c
D:2:      layout_basic, minmay_randomly_rotated_circles
D:3:      layout_basic, shapermc_ecumenical_altar_rom_forum, serial_shops, shop

Skill      XL: |  1  2  3 |
---------------+----------+-----
Throwing       | 1 |  1.0
Maces & Flails | 2 3 |  3.8
Fighting       | |  1.9
Armour         | |  1.4
Dodging        | |  1.4
Spellcasting   | |  1.8
Translocations | |  3.1

Action                     |  1- 3 |  4- 6 || total
---------------------------+-------+-------++-------
  Melee: Mace              |   161 |     4 ||   165
         Tailslap          |    10 |     4 ||    14
         Whip              |       |    22 ||    22
   Stab: Sleeping          |     1 |       ||     1
 Armour: Leather armour    |   155 |    19 ||   174
  Dodge: Dodged            |   103 |    12 ||   115

Table legend: (Time is in decaauts)
 A = Elapsed time spent in this place.
 B = Non-inter-level travel time spent in this place.
 C = Inter-level travel time spent in this place.
 D = Time resting spent in this place.
 E = Time spent auto-exploring this place.
 F = Levels seen in this place.
 G = Mean time per level.
                   A        B        C        D        E       F      G
               +--------+--------+--------+--------+--------+-----+--------+
         Total |   1979 |   1948 |     31 |      0 |   1533 |   3 |  659.7 |
       Dungeon |   1979 |   1948 |     31 |      0 |   1533 |   3 |  659.7 |
               +--------+--------+--------+--------+--------+-----+--------+

Top non-repeatable levels by time:
     D:1: 1184 daAuts
     D:2: 672 daAuts
     D:3: 122 daAuts
